 Dungeon Crawl Stone Soup version 0.30-a0-242-g7bf8e6d787 (webtiles) character file.

Game seed: 3235869810091849075

18 LnG the Caller (level 2, -1/15 HPs)
             Began as a Kobold Summoner on Oct 10, 2022.
             Slain by a jackal (3 damage)
             ... on level 2 of the Dungeon on Oct 11, 2022.
             The game lasted 00:05:20 (1437 turns).

LnG the Caller (Kobold Summoner)                    Turns: 1437, Time: 00:05:20

Health: -1/15      AC:  4    Str:  5    XL:     2   Next: 90%
Magic:  2/5        EV: 15    Int: 16    God:
Gold:   154        SH:  0    Dex: 15    Spells: 3/6 levels left

rFire   . . .      SeeInvis .    e - +0 short sword
rCold   . . .      Faith    .    (no shield)
rNeg    . . .      Spirit   .    a - +0 robe
rPois   .          Reflect  .    i - +0 hat
rElec   .          Harm     .    o - +0 cloak
rCorr   .          Rampage  .    g - +0 pair of gloves
Will    .....                    (no boots)
Stlth   +++.......               (no amulet)
HPRegen 0.22/turn                (no ring)
MPRegen 0.09/turn                (no ring)

@: no status effects
A: small, no large weapons, nightstalker 3
a: no special abilities


You were on level 2 of the Dungeon.
You visited 1 branch of the dungeon, and saw 2 of its levels.

You collected 154 gold pieces.

Inventory:

Hand Weapons
 e - a +0 short sword (weapon)
 j - a +0 dagger
Armour
 a - a +0 robe (worn)
 g - a +0 pair of gloves (worn)
 i - a +0 hat (worn)
 o - a +0 cloak (worn)
Scrolls
 c - a scroll of identify {unknown}
 d - a scroll of teleportation
 f - a scroll of noise {unknown}
 h - a scroll of magic mapping {unknown}
 m - 3 scrolls of fear {unknown}
 q - a scroll of enchant armour {unknown}
Potions
 b - a potion of magic
 k - a potion of resistance {unknown}
 l - a potion of berserk rage {unknown}
 n - a potion of degeneration {unknown}
 p - a potion of brilliance {unknown}
 r - a potion of curing {unknown}
 s - a potion of mutation {unknown}


   Skills:
 + Level 0.1 Short Blades
 + Level 2.5 Dodging
 * Level 3.2 Stealth
 + Level 2.6 Spellcasting
 + Level 4.2 Summonings


You had 3 spell levels left.
You knew the following spells:

 Your Spells              Type           Power      Damage    Failure   Level
a - Summon Small Mammal   Summ           60%        N/A       3%          1
b - Call Imp              Summ           15%        N/A       4%          2

Your spell library contained the following spells:

 Spells                   Type           Power      Damage    Failure   Level
 Call Canine Familiar     Summ           15%        N/A       10%         3
 Summon Guardian Golem    Hex/Summ       8%         N/A       24%         3
 Summon Lightning Spire   Summ/Air       8%         N/A       63%         4


Dungeon Overview and Level Annotations

Branches:
Dungeon (2/15)

Altars:

Shops:
D:1 [[[   D:2 [


Innate Abilities, Weirdness & Mutations

You are small and have problems with some larger weapons.
You are completely attuned to the shadows.


Message History

You are poisoned.
The adder poisons you! The jackal closely misses you.
The jackal barely misses your white imp.
Something bites your white imp. The adder closely misses you.
Your white imp closely misses the adder.
Casting: Call Imp (safe; 4% risk of failure)
Confirm with . or Enter, or press ? or * to list all spells.
You feel sick. The jackal misses you. Something barely misses your white imp.
The jackal barely misses your white imp.
The adder completely misses you. The jackal completely misses you.
Something bites your white imp but does no damage.
The jackal closely misses your white imp.
Your white imp closely misses the adder.
You swap places.
You feel sick. The adder barely misses your quokka.
The jackal bites your quokka.
Your quokka bites the jackal.
Unknown command.
You feel sick. The jackal bites your quokka.
The adder closely misses your quokka.
Your quokka barely misses the jackal.
The jackal bites your quokka but does no damage.
Your white imp completely misses the adder.
Something closely misses your white imp.
The adder bites your quokka.
Your quokka dies!
Your quokka's corpse disappears in a puff of smoke!
You feel sick.
You are no longer poisoned.
The jackal closely misses you. The jackal attacks as you move away!
The jackal barely misses you. The jackal barely misses you.
The jackal attacks as you move away! The jackal closely misses you.
The jackal completely misses you. The jackal barely misses you.
The jackal attacks as you move away! The jackal bites you.
The jackal attacks as you move away! The jackal bites you.
* * * LOW HITPOINT WARNING * * *
The jackal bites you but does no damage.
The jackal attacks as you move away! The jackal bites you.
* * * LOW HITPOINT WARNING * * *
The jackal bites you.
You die...

#. #. #. #.# #####.
#.# #.# ###..... #.#
#.# #.....## #.####
#.# ####.###[##
.....#####.##########
#....# #...
.#............Sh@...#
#.##.###.##
#.##.#####.########.#
#.##.....#
...........# #<#
#......###
#.#..####### #.#
#.###### #.#..#
#.###.# ......
#.....# ###.##
#####.# #.# ..#


You could see an adder and a jackal.

Vanquished Creatures
  A ball python (D:2)
  An endoplasm (D:2)
  2 goblins (D:1)
  A hobgoblin (D:2)
  2 kobolds
  A quokka (D:2)
  A bat (D:2)
  A frilled lizard (D:1)
  2 rats
12 creatures vanquished.

Vanquished Creatures (collateral kills)
  A kobold (D:1)
  2 ball pythons (D:1)
  A bat (D:1)
  2 frilled lizards (D:1)
  A rat (D:1)
7 creatures vanquished.

Grand Total: 19 creatures vanquished

Notes
Turn   | Place    | Note
-------+----------+-------------------------------------------
     0 | D:1      | LnG the Kobold Summoner began the quest for the Orb.
     0 | D:1      | Reached XP level 1. HP: 10/10 MP: 3/3
   111 | D:1      | Upgraded the game from 0.30-a0-241-g1121274140 to
                  | 0.30-a0-242-g7bf8e6d787
   239 | D:1      | Found Golutirr's Armour Emporium.
   308 | D:1      | Found Pozed's Armour Emporium.
   485 | D:1      | Reached XP level 2. HP: 13/15 MP: 3/5
   488 | D:1      | Learned a level 2 spell: Call Imp
   631 | D:1      | Found Dedatt's Armour Shop.
  1209 | D:2      | Found Ydoloz's Armour Shoppe.
  1437 | D:2      | Slain by a jackal

Illustrated notes

Levels and vault maps discovered:
D:1:      sevenhm_arrival_forest_fort_large_1, layout_loops_ring, serial_shops,
          shop, shop, nicolae_shop_window_shopping
D:2:      layout_loops_ring, serial_shops, shop_coins

Skill      XL: |  1  2 |
---------------+-------+-----
Stealth        | 3 |  3.2
Short Blades   | |  0.1
Dodging        | |  2.5
Spellcasting   | |  2.6
Summonings     | |  4.2

Action                   || total
-------------------------++-------
Melee: Short sword       ||    23
       Unarmed           ||     4
 Cast: Summon Small Mamm ||    18
       Call Imp          ||     2
  Use: Scroll            ||     1
 Stab: Sleeping          ||     5
       Distracted        ||     3
Armor: Robe              ||     8
Dodge: Dodged            ||    35

Table legend: (Time is in decaauts)
 A = Elapsed time spent in this place.
 B = Non-inter-level travel time spent in this place.
 C = Inter-level travel time spent in this place.
 D = Time resting spent in this place.
 E = Time spent auto-exploring this place.
 F = Levels seen in this place.
 G = Mean time per level.
                   A        B        C        D        E       F      G
               +--------+--------+--------+--------+--------+-----+--------+
         Total |   1444 |   1399 |     45 |     61 |   1019 |   2 |  722.0 |
       Dungeon |   1444 |   1399 |     45 |     61 |   1019 |   2 |  722.0 |
               +--------+--------+--------+--------+--------+-----+--------+

Top non-repeatable levels by time:
     D:1: 1171 daAuts
     D:2: 272 daAuts
